[Event "*** SCC Grand Prix: Titled Tuesday Blitz"]
[Site "Chess.com"]
[Date "2020.10.13"]
[Round "8"]
[White "niki_2003"]
[Black "Morshynska"]
[Result "0-1"]
[WhiteElo "1794"]
[BlackElo "2244"]
[TimeControl "180+1"]
[EndTime "11:30:28 PDT"]
[Termination "Morshynska won by resignation"]

1. d4 d5 2. c4 c6 3. Nf3 Nf6 4. g3 dxc4 5. Nc3 b5 6. Bg2 Bb7 7. a4 a6 8. Ne5 Qc8 9. O-O e6 10.
axb5 cxb5 11. Nxb5 Bxg2 12. Kxg2 axb5 13. Rxa8 Qb7+ 14. Kg1 Qxa8 0-1

[Event "*** SCC Grand Prix: Titled Tuesday Blitz"]
[Site "Chess.com"]
[Date "2020.10.13"]
[Round "8"]
[White "JosefineHeinemann"]
[Black "GigaQuparadze"]
[Result "0-1"]
[WhiteElo "2623"]
[BlackElo "2948"]
[TimeControl "180+1"]
[EndTime "11:30:31 PDT"]
[Termination "GigaQuparadze won by resignation"]

1. e4 c5 2. Nf3 e6 3. d4 cxd4 4. Nxd4 a6 5. c4 Nf6 6. Nc3 Bb4 7. e5 Ne4 8. Qg4 Nxc3 9. a3 Bf8 10. bxc3 d6 11. exd6 e5 12. Qe2 Bxd6 13. c5 Bc7 14. f4 O-O 15. fxe5 Bxe5 16. Be3 Qa5 17. Qd2 Re8 18. Be2 Nc6 19. Nxc6 bxc6 20. Bd4 Bg4 21. Qg5 Bxd4 22. Qxg4 Qxc3+ 0-1

[Event "*** SCC Grand Prix: Titled Tuesday Blitz"]
[Site "Chess.com"]
[Date "2020.10.13"]
[Round "8"]
[White "Lion-Al-Messi"]
[Black "gmpeter008"]
[Result "0-1"]
[WhiteElo "2538"]
[BlackElo "2416"]
[TimeControl "180+1"]
[EndTime "11:30:40 PDT"]
[Termination "gmpeter008 won by resignation"]

1. e4 e5 2. Nf3 Nc6 3. Bb5 g6 4. O-O Bg7 5. c3 d6 6. d4 Bd7 7. d5 Nce7 8. Bxd7+ Qxd7 9. c4 h6 10. Nc3 f5 11. exf5 Nxf5 12. c5 Nf6 13. Qb3 Rb8 14.
Be3 a6 15. c6 Qc8 16. Ba7 b6 17. Bxb8 Qxb8 18. a4 O-O 19. a5 b5 20. Qb4 Qe8 21.
Nxb5 axb5 22. Qxb5 Qf7 23. a6 Qxd5 24. Qb7 e4 25.
Rfd1 Qe6 26. a7 exf3 27. a8=Q Rxa8 28. Rxa8+ Kh7 29. Qxc7 Qe2 30. Rf1 fxg2 31. Kxg2 Ne3+ 0-1

[Event "*** SCC Grand Prix: Titled Tuesday Blitz"]
[Site "Chess.com"]
[Date "2020.10.13"]
[Round "8"]
[White "Shield12"]
[Black "keepitcool9499"]
[Result "1-0"]
[WhiteElo "2831"]
[BlackElo "2634"]
[TimeControl "180+1"]
[EndTime "11:30:49 PDT"]
[Termination "Shield12 won by checkmate"]

1. e4 e6 2. d4 d5 3. Nd2 c5 4.
Ngf3 Nc6 5. exd5 Qxd5 6. Bc4 Qd8 7. dxc5 Nf6 8. O-O Bxc5 9. Qe2 O-O 10. Ne4 Be7 11.
Bf4 Qb6 12. Nxf6+ Bxf6 13. c3 Bd7 14. Rad1 Rfd8 15. Rfe1 Be8 16. Bd3 h6 17. h4 Ne7 18.
Ne5 Nd5 19. Bg3 Rac8 20. h5 Ne7 21. Bf4 Nc6 22. Nc4 Qc5 23. Nd6 Rb8 24. Ne4 Qb6 25. Nxf6+ gxf6 26. Qg4+ Kf8 27. Bxb8 Rxb8 28. Qf4 Ke7 29.
Be4 Rd8 30. Qxh6 Ne5 31. Qe3 Qxb2 32. Qc5+ Rd6 33. Qxd6# 1-0

[Event "*** SCC Grand Prix: Titled Tuesday Blitz"]
[Site "Chess.com"]
[Date "2020.10.13"]
[Round "8"]
[White "FMalexhdez"]
[Black "lucachess49"]
[Result "0-1"]
[WhiteElo "2266"]
[BlackElo "2410"]
[TimeControl "180+1"]
[EndTime "11:30:53 PDT"]
[Termination "lucachess49 won by resignation"]

1. e4 e5 2. Nf3 Nc6 3. Bc4 Nf6 4. d3 Be7 5. c3 O-O 6. Nbd2 d6 7. Nf1 Na5 8. Bb5 a6 9. Ba4 b5 10. Bc2 c5 11.
Ng3 Nc6 12. Qe2 h6 13. h3 Re8 14. Nf5 Bxf5 15. exf5 d5 16. g4 e4 17. dxe4 Bd6 18. O-O dxe4 19. Ne1 Qe7 20. Ng2 Ne5 21. Bf4 Nf3+ 22. Kh1 Bxf4 23. Nxf4 Qe5 24. Qe3 Nd5 0-1

[Event "*** SCC Grand Prix: Titled Tuesday Blitz"]
[Site "Chess.com"]
[Date "2020.10.13"]
[Round "8"]
[White "Alexandercs432"]
[Black "Klavdia_Nik"]
[Result "1-0"]
[WhiteElo "2138"]
[BlackElo "2101"]
[TimeControl "180+1"]
[EndTime "11:30:54 PDT"]
[Termination "Alexandercs432 won on time"]

1. e4 g6 2. d4 Bg7 3. Nc3 c5 4.
dxc5 Qa5 5. Bd2 Qxc5 6. Bd3 Nc6 7. a3 Nf6 8. Nf3 d6 9. h3 O-O 10. O-O Qb6 11. Rb1 a6 12. Be3 Qa5 13. Bd2 Qc7 14. Re1 Ne5 15. Bg5 e6 16. Bf1 Nxf3+ 17. Qxf3 h6 18. Bxf6 1-0

[Event "*** SCC Grand Prix: Titled Tuesday Blitz"]
[Site "Chess.com"]
[Date "2020.10.13"]
[Round "8"]
[White "Colombiano07"]
[Black "Das_Virus_2020"]
[Result "0-1"]
[WhiteElo "2249"]
[BlackElo "2403"]
[TimeControl "180+1"]
[EndTime "11:30:58 PDT"]
[Termination "Das_Virus_2020 won by resignation"]

1. d4 Nf6 2. Nc3 e6 3. e4 d5 4. e5 Nfd7 5. f4 c5 6. Nce2 Nc6 7. c3 Qb6 8. Nf3 a5 9. Qb3 a4 10. Qxb6 Nxb6 11. Be3 Nc4 12. Bc1 Bd7 13. Rb1 cxd4 14. cxd4 Bb4+ 15. Kf2 O-O 16. a3 Be7 17. Nc3 N6a5 18.
Bd3 Rfc8 19. Be3 Nxe3 20. Kxe3 Nc4+ 21. Bxc4 Rxc4 22. Rhc1 Rac8 23. Nd2 R4c7 24. Ne2 b5 25. Rxc7 Rxc7 26. Rc1 Rxc1 27. Nxc1 b4 28. axb4 Bxb4 29. Na2 Ba5 30. Nc3 a3 31. Ndb1 axb2 32. Kd2 Bb6 33.
Ne2 Bb5 0-1

[Event "*** SCC Grand Prix: Titled Tuesday Blitz"]
[Site "Chess.com"]
[Date "2020.10.13"]
[Round "8"]
[White "PetrolulSah"]
[Black "zverr1"]
[Result "0-1"]
[WhiteElo "2154"]
[BlackElo "2401"]
[TimeControl "180+1"]
[EndTime "11:30:59 PDT"]
[Termination "zverr1 won by resignation"]

1. d4 Nf6 2. c4 g6 3. Nc3 Bg7 4. e4 O-O 5. Be2 d6 6. Bg5 c5 7.
d5 h6 8. Bf4 e6 9. dxe6 Bxe6 10. Bxd6 Re8 11. Nf3 Qa5 12. e5 Ne4 13. O-O Nxc3 14.
bxc3 Nc6 15. Qb3 Qa6 16. Qb5 Na5 17. Qxa6 bxa6 18. Bxc5 Bxc4 19. Rfe1 Bxe5 20. Bb4 Bxe2 21. Rxe2 Bc7 22. Rae1 Rxe2 23. Rxe2 Nc6 24. h4 Nxb4 25. cxb4 Bd6 26. a3 Rc8 27. Nd4 Rc1+ 0-1

[Event "*** SCC Grand Prix: Titled Tuesday Blitz"]
[Site "Chess.com"]
[Date "2020.10.13"]
[Round "8"]
[White "TC2304"]
[Black "Trickov"]
[Result "1-0"]
[WhiteElo "2233"]
[BlackElo "2359"]
[TimeControl "180+1"]
[EndTime "11:30:59 PDT"]
[Termination "TC2304 won on time"]

1. d4 d5 2. c4 c6 3. Nc3 Nf6 4. e3 Bf5 5. cxd5 cxd5 6. Qb3 Qb6 7. Nxd5 Qxb3 8. Nxf6+ exf6 9. axb3 a6 10. Ne2 Bc2 11. Nc3 Bxb3 12. Bd3 Nc6 13. O-O Nb4 14. Be4 Rb8 15. Bd2 Bd6 16. Na4 Bd5 17. Bxb4 1-0

[Event "*** SCC Grand Prix: Titled Tuesday Blitz"]
[Site "Chess.com"]
[Date "2020.10.13"]
[Round "8"]
[White "dosto07"]
[Black "szachuspl"]
[Result "1-0"]
[WhiteElo "2346"]
[BlackElo "2533"]
[TimeControl "180+1"]
[EndTime "11:31:02 PDT"]
[Termination "dosto07 won by resignation"]

1. e4 c5 2. Nf3 a6 3. c3 d5 4. exd5 Nf6 5. d4 cxd4 6. cxd4 Nxd5 7. Nc3 Bg4 8. h3 Bh5 9. Bc4 Nb6 10. Be2 e6 11.
O-O Be7 12. Be3 O-O 13. g4 Bg6 14. Ne5 Nc6 15. f4 Nxe5 16. dxe5 Qc8 17. Bxb6 Bc5+ 18. Bxc5 Qxc5+ 19. Kh2 Rad8 20. Qe1 h5 21. Rd1 Qb4 22.
gxh5 Bf5 23. Rd2 Rd4 24. Rxd4 Qxd4 25. Qf2 Qb4 26. Bg4 Bd3 27. Rd1 Bh7 28. Rd4 Qb6 29.
h6 gxh6 30. f5 exf5 31. Bxf5 Bxf5 32. Rg4+ 1-0

[Event "*** SCC Grand Prix: Titled Tuesday Blitz"]
[Site "Chess.com"]
[Date "2020.10.13"]
[Round "8"]
[White "LubovMarkelova"]
[Black "Slovak_fighter2000"]
[Result "0-1"]
[WhiteElo "2242"]
[BlackElo "2402"]
[TimeControl "180+1"]
[EndTime "11:31:08 PDT"]
[Termination "Slovak_fighter2000 won by resignation"]

1. Nf3 d5 2. d4 Nf6 3. c4 e6 4. e3 b6 5. Nc3 Bb7 6. b3 Nbd7 7. Bd3 Be7 8. Bb2 O-O 9. cxd5 Nxd5 10. Nxd5 Bxd5 11.
O-O c5 12. e4 Bb7 13. Qe2 cxd4 14. Nxd4 Qb8 15. Rfd1 Nc5 16. Bc2 Qf4 17. f3 Qh4 18. Rac1 Rfd8 19. Qf2 Qh6 20. Nb5 Bg5 21. Rxd8+ Rxd8 22. Re1 Rd2 23. Re2 Rxc2 24. Qg3 Bf4 0-1

[Event "*** SCC Grand Prix: Titled Tuesday Blitz"]
[Site "Chess.com"]
[Date "2020.10.13"]
[Round "8"]
[White "PlotnikovPavel"]
[Black "northridgehawk"]
[Result "1-0"]
[WhiteElo "2379"]
[BlackElo "2230"]
[TimeControl "180+1"]
[EndTime "11:31:15 PDT"]
[Termination "PlotnikovPavel won by resignation"]

1. e4 e5 2. Nf3 Nc6 3. Bc4 Nf6 4. d3 Bc5 5. O-O d6 6. h3 a6 7. c3 Ba7 8. Bb3 h6 9. Nbd2 g5 10. Re1 g4 11. hxg4 Bxg4 12. Nf1 Rg8 13.
Ng3 h5 14. d4 h4 15. Nf5 exd4 16. cxd4 h3 17. Nh6 Nxd4 18. Bxf7+ Kf8 19. Bxg8 hxg2 20. Nxg4 Nxg4 21. Nxd4 Qh4 22. Qf3+ Kxg8 23. Qxg2 Bxd4 24. Be3 Be5 25. f3 Bh2+ 26. Kf1 Rf8 27. Ke2 Bg3 28.
Rh1 Nh2 29. Rag1 Rxf3 30. Rxh2 Rxe3+ 31. Kxe3 Qf4+ 32. Kd3 1-0

[Event "*** SCC Grand Prix: Titled Tuesday Blitz"]
[Site "Chess.com"]
[Date "2020.10.13"]
[Round "8"]
[White "GOGIEFF"]
[Black "GM_Levan_Pantsulaia"]
[Result "0-1"]
[WhiteElo "2874"]
[BlackElo "2834"]
[TimeControl "180+1"]
[EndTime "11:31:21 PDT"]
[Termination "GM_Levan_Pantsulaia won by checkmate"]

1. d4 Nf6 2. c4 c5 3. d5 g6 4. Nc3 Bg7 5. e4 O-O 6. Nf3 d6 7. h3 e6 8. Bd3 exd5 9. exd5 Re8+ 10. Be3 Rxe3+ 11. fxe3 Qe7 12. O-O Nbd7 13. Qd2 Nh5 14.
Ne2 Ne5 15. Nf4 Ng3 16. Rfe1 Nxf3+ 17. gxf3 Qh4 18. Qh2 Be5 19. Ng2 Ne2+ 20. Kf1 Ng3+ 21. Kg1 Ne2+ 22. Kf1 Qh5 23. Nf4 Qxf3+ 24. Qf2 Ng3+ 25.
Kg1 Qh1# 0-1

[Event "*** SCC Grand Prix: Titled Tuesday Blitz"]
[Site "Chess.com"]
[Date "2020.10.13"]
[Round "8"]
[White "FMKonstantin_Twitch"]
[Black "ural58"]
[Result "1-0"]
[WhiteElo "2550"]
[BlackElo "2335"]
[TimeControl "180+1"]
[EndTime "11:31:28 PDT"]
[Termination "FMKonstantin_Twitch won by checkmate"]

1. e4 d5 2. Nc3 d4 3. Nce2 c5 4. d3 Nc6 5. f4 e5 6. Nf3 Bd6 7. g3 Bg4 8. Bg2 Qc7 9. O-O O-O-O 10. h3 Bxf3 11. Rxf3 f6 12. f5 g5 13. g4 h5 14.
Ng3 hxg4 15. hxg4 Nge7 16. Rf2 Rh4 17. Nh5 Rf8 18. Rf1 Qd8 19. Bd2 Qe8 20. Be1 Rxh5 21.
gxh5 Rh8 22. Bf3 Ng8 23. Bd2 Nh6 24. Bg4 Kb8 25. Kg2 a6 26. Rh1 Ka7 27. c4 dxc3 28. bxc3 Nd8 29. Qe2 Ndf7 30. Be3 Nxg4 31. Qxg4 Nh6 32.
Qe2 Qa4 33. Rab1 Rc8 34. Rb4 Qc6 35. Rhb1 Rc7 36. Rb6 Qd7 37. Qb2 Ng4 38. Rxa6+ Kb8 39. Qa3 Nxe3+ 40. Kf3 Rc6 41. Ra8+ Kc7 42. Rxb7+ Kxb7 43. Qa7# 1-0

[Event "*** SCC Grand Prix: Titled Tuesday Blitz"]
[Site "Chess.com"]
[Date "2020.10.13"]
[Round "8"]
[White "Sn00pPawn"]
[Black "Margarita2907"]
[Result "0-1"]
[WhiteElo "1970"]
[BlackElo "2170"]
[TimeControl "180+1"]
[EndTime "11:31:31 PDT"]
[Termination "Margarita2907 won by resignation"]

1. e4 c5 2. Nf3 d6 3. d4 cxd4 4.
Nxd4 Nf6 5. Nc3 a6 6. Bg5 Nbd7 7. f4 Qc7 8. Qe2 e6 9. O-O-O b5 10. Bxf6 Nxf6 11. e5 dxe5 12. fxe5 Nd7 13. g3 Bb7 14. Bg2 Be7 15. Rhe1 O-O 16. Bxb7 Qxb7 17. h4 b4 18. Ne4 Nxe5 19. Ng5 Bxg5+ 20. hxg5 Ng6 21. Rh1 Rfd8 22. Qh5 Nf8 23. Rdf1 Rxd4 0-1

[Event "*** SCC Grand Prix: Titled Tuesday Blitz"]
[Site "Chess.com"]
[Date "2020.10.13"]
[Round "8"]
[White "norwaytoadog"]
[Black "maximnovik"]
[Result "0-1"]
[WhiteElo "2311"]
[BlackElo "2527"]
[TimeControl "180+1"]
[EndTime "11:31:32 PDT"]
[Termination "maximnovik won on time"]

1. e4 c6 2. d4 d5 3. e5 Bf5 4. Nf3 e6 5. Be2 Nd7 6. O-O Ne7 7. a4 Ng6 8. a5 a6 9. Nbd2 f6 10. Nb3 fxe5 11. dxe5 Ngxe5 12. Nxe5 Nxe5 13. Nd4 Bd6 14.
f4 Nd7 15. g4 Be4 16. Nxe6 Qf6 17. f5 Qxe6 18. fxe6 Bc5+ 19. Rf2 Rf8 20. exd7+ Kxd7 21. Kf1 Rxf2+ 22. Ke1 Rxh2 23. Bf4 Rh1+ 24. Bf1 Rf8 25. Qd2 g5 26. Ke2 Rxf4 27. Qc3 Rf2+ 0-1

[Event "*** SCC Grand Prix: Titled Tuesday Blitz"]
[Site "Chess.com"]
[Date "2020.10.13"]
[Round "8"]
[White "As0nchess"]
[Black "wonderfultime"]
[Result "0-1"]
[WhiteElo "2621"]
[BlackElo "2908"]
[TimeControl "180+1"]
[EndTime "11:31:38 PDT"]
[Termination "wonderfultime won by resignation"]

1. e4 c5 2. Nf3 Nf6 3. e5 Nd5 4.
d4 cxd4 5. Qxd4 e6 6. a3 Nc6 7.
Qd1 Nde7 8. Bf4 Ng6 9. Bg3 Be7 10. Nc3 f6 11. exf6 Bxf6 12. Bd3 O-O 13. Bxg6 hxg6 14. Qd3 Qa5 15. O-O Qf5 16. Ne4 Bxb2 17. Rab1 d5 18. Nd6 Qxd3 19. cxd3 Bxa3 20. Nxc8 Raxc8 21. Rxb7 Rf7 22.
Rxf7 Kxf7 23. Ng5+ Ke7 24. Re1 Nd8 25. Be5 Bb4 26. Ra1 a5 27. Bxg7 Bc3 28. Bxc3 Rxc3 29.
d4 Nc6 30. Nf3 a4 31. h4 a3 32. Kf1 Nb4 33. Ke2 a2 34. Ne1 Rb3 35. Kd2 Rb1 36. Nc2 Nxc2 37. Rxa2 Nxd4 0-1

[Event "*** SCC Grand Prix: Titled Tuesday Blitz"]
[Site "Chess.com"]
[Date "2020.10.13"]
[Round "8"]
[White "nelsoncopa"]
[Black "ElMosho7u7r"]
[Result "1/2-1/2"]
[WhiteElo "1817"]
[BlackElo "2132"]
[TimeControl "180+1"]
[EndTime "11:31:43 PDT"]
[Termination "Game drawn by agreement"]

1. d4 d5 2. c4 c6 3. Nf3 Nf6 4. cxd5 cxd5 5. e3 a6 6. Bd3 Nc6 7. O-O Bg4 8. h3 Bxf3 9. Qxf3 e6 10. a3 Be7 11. Nc3 Rc8 12. Bd2 O-O 13. Rac1 b5 14.
Rfd1 Qb6 15. Bb1 Na5 16. Be1 Nc4 17. Rc2 a5 18. e4 dxe4 19. Nxe4 Nd5 20. Re2 b4 21.
axb4 axb4 22. b3 Na3 23. Bd3 Nc3 24. Bxc3 bxc3 25. Bc4 Nxc4 26. bxc4 Rxc4 27. Nxc3 Rxd4 28. Rxd4 Qxd4 29. Qe3 Qxe3 30. Rxe3 1/2-1/2

[Event "*** SCC Grand Prix: Titled Tuesday Blitz"]
[Site "Chess.com"]
[Date "2020.10.13"]
[Round "8"]
[White "Castleqweenside7447"]
[Black "EddieMarsalla"]
[Result "1/2-1/2"]
[WhiteElo "2441"]
[BlackElo "2557"]
[TimeControl "180+1"]
[EndTime "11:31:44 PDT"]
[Termination "Game drawn - insufficient material"]

1. Nf3 d5 2. d4 Bf5 3. c4 e6 4.
Nc3 Nc6 5. a3 Nf6 6. Bg5 Be7 7.
e3 Ne4 8. Bxe7 Nxe7 9. Bd3 Bg6 10. Bxe4 Bxe4 11. Nxe4 dxe4 12. Nd2 f5 13. Qh5+ g6 14. Qh6 Kf7 15. h4 Ng8 16. Qf4 Qd6 17. g3 Nf6 18.
f3 exf3 19. Nxf3 Qxf4 20. gxf4 Ng4 21. Ne5+ Nxe5 22. dxe5 Rad8 23. Ke2 Rd7 24. Rad1 Rhd8 25. Rxd7+ Rxd7 26. h5 Kg7 27. hxg6 hxg6 28. b4 c6 29. a4 b6 30. c5 bxc5 31. bxc5 Rd5 32. Rb1 Rxc5 33. Rb7+ Kh6 34. Rxa7 Rc2+ 35. Kd3 Ra2 36. Rc7 Ra3+ 37. Ke2 Ra2+ 38. Kf3 g5 39. fxg5+ Kxg5 40.
Rxc6 Rxa4 41. Rxe6 Ra3 42. Rf6 Ra5 43. Re6 Ra3 44.
Ke2 f4 45. exf4+ Kxf4 46. Re8 Re3+ 47. Kf2 Rxe5 48. Rxe5 Kxe5 1/2-1/2

[Event "*** SCC Grand Prix: Titled Tuesday Blitz"]
[Site "Chess.com"]
[Date "2020.10.13"]
[Round "8"]
[White "Jumbo"]
[Black "VladimirBugayev"]
[Result "1-0"]
[WhiteElo "2752"]
[BlackElo "2345"]
[TimeControl "180+1"]
[EndTime "11:31:44 PDT"]
[Termination "Jumbo won on time"]

1. d4 d5 2. c4 c6 3. Nf3 Nf6 4. Nc3 a6 5. a4 Bf5 6. a5 e6 7. Bg5 Nbd7 8. e3 h6 9. Bh4 Bb4 10. Qa4 Qe7 11. Be2 O-O 12. O-O Bxc3 13. bxc3 g5 14. Bg3 Ne4 15. Rfc1 Nd6 16. Qa3 c5 17. cxd5 exd5 18. dxc5 Ne4 19. Bd6 Nxd6 20. cxd6 Qf6 21. c4 dxc4 22. Bxc4 Be4 23. Nd4 Ne5 24.
f3 Bc6 25. Nxc6 bxc6 26. Be2 Rfd8 27. Rd1 Ra7 28. Ra2 Rad7 29. Rad2 Kg7 30. Qc5 1-0

[Event "*** SCC Grand Prix: Titled Tuesday Blitz"]
[Site "Chess.com"]
[Date "2020.10.13"]
[Round "8"]
[White "AIROPITO7"]
[Black "Orest_Vovk"]
[Result "1-0"]
[WhiteElo "2553"]
[BlackElo "2407"]
[TimeControl "180+1"]
[EndTime "11:31:47 PDT"]
[Termination "AIROPITO7 won on time"]

1. d4 e5 2. dxe5 Nc6 3. Nf3 Qe7 4. Bf4 Qb4+ 5. Bd2 Qxb2 6. Nc3 Bb4 7. Rb1 Qa3 8. Nd5 Bxd2+ 9. Qxd2 Qxa2 10. Rd1 Kd8 11.
Qg5+ Nge7 12. Qxg7 Rg8 13. Qxf7 b6 14. Ng5 Qa5+ 15.
c3 Ba6 16. Ne6+ Kc8 17. Nexc7 Kb7 18. Nxa8 Rxa8 19. e4 Bxf1 20. Kxf1 Qc5 21. Nxe7 Nxe7 22. Rxd7+ Ka6 23. Qxe7 Qb5+ 24. Ke1 Qb1+ 25. Kd2 Qxh1 26. Qa3+ Kb5 27. Qb4+ Kc6 28. Qa4+ b5 29. Qd4 1-0

[Event "*** SCC Grand Prix: Titled Tuesday Blitz"]
[Site "Chess.com"]
[Date "2020.10.13"]
[Round "8"]
[White "glebus008"]
[Black "INLOVEWITHF"]
[Result "1-0"]
[WhiteElo "2329"]
[BlackElo "2512"]
[TimeControl "180+1"]
[EndTime "11:31:53 PDT"]
[Termination "glebus008 won by resignation"]

1. e4 e5 2. Nf3 Nc6 3. Nc3 Bc5 4. Nxe5 Nxe5 5. d4 Bd6 6. dxe5 Bxe5 7. Bd3 Nf6 8. O-O O-O 9. Be3 Bxc3 10. bxc3 d5 11. exd5 Qxd5 12. Bd4 Qg5 13. Qf3 c5 14. Bxf6 Qxf6 15. Qxf6 gxf6 16. Rfe1 Be6 17. Be4 Rad8 18. Bxb7 Rd2 19. Be4 f5 20. Bd3 c4 21. Re2 Rxe2 22. Bxe2 Rb8 23. h4 Rb2 24. Bd1 Bd5 25. f3 f4 26. Kf2 Be6 27. Ke1 Bf5 28. Kd2 a5 29.
a3 Rb6 30. Be2 Rd6+ 31. Kc1 Rh6 32. Rb1 Rxh4 33. Rb5 Be6 34. Rxa5 Rh2 35. Rg5+ Kf8 36. a4 h6 37. Rc5 Rxg2 38. Bxc4 Bf5 39. Rxf5 1-0

[Event "*** SCC Grand Prix: Titled Tuesday Blitz"]
[Site "Chess.com"]
[Date "2020.10.13"]
[Round "8"]
[White "ThePatrick27"]
[Black "Tenamu"]
[Result "0-1"]
[WhiteElo "2522"]
[BlackElo "2398"]
[TimeControl "180+1"]
[EndTime "11:31:56 PDT"]
[Termination "Tenamu won on time"]

1. d4 Nf6 2. c4 e6 3. Nf3 c5 4. d5 exd5 5. cxd5 d6 6. Nc3 g6 7.
e4 Bg7 8. Be2 O-O 9. O-O Bg4 10.
Nd2 Bxe2 11. Qxe2 Nbd7 12. Nc4 Ne8 13. Bf4 Ne5 14. Bg3 a6 15. a4 Rc8 16. Kh1 Nc7 17. f4 Nxc4 18. Qxc4 b5 19. axb5 Bxc3 20. bxc3 axb5 21.
Qd3 Ra8 22. Rad1 f6 23. e5 fxe5 24. fxe5 Rxf1+ 25. Rxf1 c4 26. Qf3 Qf8 27. Qd1 Qd8 28.
exd6 Ne8 0-1

[Event "*** SCC Grand Prix: Titled Tuesday Blitz"]
[Site "Chess.com"]
[Date "2020.10.13"]
[Round "8"]
[White "KuzubovYuriy"]
[Black "LiamVrolijk"]
[Result "1-0"]
[WhiteElo "2903"]
[BlackElo "2846"]
[TimeControl "180+1"]
[EndTime "11:31:58 PDT"]
[Termination "KuzubovYuriy won by resignation"]

1. d4 Nf6 2. Nf3 d5 3. c4 e6 4. g3 Be7 5. Bg2 O-O 6. O-O dxc4 7. Qc2 a6 8. a4 Bd7 9. Qxc4 Bc6 10. Bg5 Nbd7 11. Nc3 h6 12. Bf4 Bd6 13. a5 Bxf4 14. gxf4 Bd5 15. Nxd5 exd5 16. Qc2 Rc8 17. Ne5 c6 18.
Bh3 Qe7 19. Kh1 Rcd8 20. e3 Rfe8 21. Rg1 Nf8 22. Rg2 Kh8 23. Bf5 g6 24. Rag1 Rd6 25. Bxg6 fxg6 26. Rxg6 Ne4 27. Rg8+ Kh7 28. f3 Ng6 29.
R8xg6 Rxg6 30. Nxg6 1-0

[Event "*** SCC Grand Prix: Titled Tuesday Blitz"]
[Site "Chess.com"]
[Date "2020.10.13"]
[Round "8"]
[White "Sergey85Rodchenkov"]
[Black "Mbneu"]
[Result "1-0"]
[WhiteElo "2431"]
[BlackElo "2238"]
[TimeControl "180+1"]
[EndTime "11:31:59 PDT"]
[Termination "Sergey85Rodchenkov won by resignation"]

1. e4 c5 2. Nf3 Nf6 3. Nc3 d5 4. exd5 Nxd5 5. d4 Nxc3 6. bxc3 g6 7. Bc4 Bg7 8. O-O O-O 9. Rb1 cxd4 10. cxd4 b6 11. Bg5 Ba6 12. Bxa6 Nxa6 13. Qe2 Nc7 14.
Bxe7 Qd5 15. Bxf8 Rxf8 16. c4 Qh5 17. Rbd1 Ne6 18. Qe4 g5 19. Qf5 h6 20. Rfe1 Rd8 21. d5 Nf4 22. d6 Bc3 23. Re3 Bb4 24. d7 Ne6 25. g4 Qh3 26. Rxe6 fxe6 27. Qxe6+ Kg7 28. Ne5 1-0

[Event "*** SCC Grand Prix: Titled Tuesday Blitz"]
[Site "Chess.com"]
[Date "2020.10.13"]
[Round "8"]
[White "swimmerchess"]
[Black "chessplayer9919"]
[Result "1-0"]
[WhiteElo "2777"]
[BlackElo "2601"]
[TimeControl "180+1"]
[EndTime "11:32:11 PDT"]
[Termination "swimmerchess won on time"]

1. e4 e5 2. Nf3 Nc6 3. Bb5 Nf6 4. O-O Nxe4 5. Re1 Nd6 6. Nxe5 Nxe5 7. Bf1 Be7 8. Rxe5 O-O 9. d4 Bf6 10. Bd3 Bxe5 11. dxe5 Ne8 12. Nc3 d6 13. Qh5 g6 14.
Qh6 Be6 15. Bg5 f6 16. exf6 Qd7 17. Re1 Nxf6 18. Bxg6 hxg6 19. Qxg6+ Qg7 20. Qxg7+ Kxg7 21. Rxe6 Kg6 22. h4 Kf5 23. Re7 Rae8 24. Rxc7 Ng4 25. g3 Re1+ 26. Kg2 Kg6 27. Bf4 Rfe8 28. Rxb7 Ra1 29. Rd7 Ree1 30. Rxd6+ Kf5 31. Rd5+ Ke6 32. Rd2 Rg1+ 33. Kh3 1-0

[Event "*** SCC Grand Prix: Titled Tuesday Blitz"]
[Site "Chess.com"]
[Date "2020.10.13"]
[Round "8"]
[White "iwanyu"]
[Black "Stouuf"]
[Result "1-0"]
[WhiteElo "2815"]
[BlackElo "2607"]
[TimeControl "180+1"]
[EndTime "11:32:12 PDT"]
[Termination "iwanyu won by resignation"]

1. e4 d6 2. d4 Nf6 3. Nc3 e5 4.
Nf3 Nbd7 5. Bc4 exd4 6. Nxd4 Nb6 7. Be2 Be7 8. O-O O-O 9. f4 Re8 10. Bf3 Bf8 11. h3 c6 12. a4 a5 13. b3 d5 14.
e5 Nfd7 15. Nce2 Nc5 16. Bb2 f6 17. Ng3 fxe5 18. fxe5 g6 19. Nh5 gxh5 20. Bxh5 Re7 21. e6 Bg7 22. Qg4 Nxe6 23. Nf5 Kh8 24. Nxg7 Nxg7 25. Qg5 Be6 26. Bf6 Nc8 27. Bxg7+ 1-0

[Event "*** SCC Grand Prix: Titled Tuesday Blitz"]
[Site "Chess.com"]
[Date "2020.10.13"]
[Round "8"]
[White "Sven_Tica"]
[Black "exoticprincess"]
[Result "0-1"]
[WhiteElo "2655"]
[BlackElo "2870"]
[TimeControl "180+1"]
[EndTime "11:32:13 PDT"]
[Termination "exoticprincess won by checkmate"]

1. d4 Nf6 2. Nf3 b6 3. Bf4 Bb7 4. e3 g6 5. Nbd2 Bg7 6. h3 O-O 7. Bd3 c5 8. c3 d5 9. O-O Nc6 10. Ne5 Nd7 11. Nxd7 Qxd7 12. Bb5 a6 13. Bxc6 Bxc6 14.
Bh2 Rfc8 15. f4 a5 16. Nf3 Bb5 17. Rf2 f6 18. g4 a4 19. a3 Rf8 20. Bg3 Bc4 21.
Kg2 Qb5 22. Rd2 Rac8 23. h4 Qd7 24. g5 Qe6 25. Qe1 Qe4 26. Rf2 Rc6 27. Kh2 Re6 28. Nd2 Qxe3 29. Qxe3 Rxe3 30. Nxc4 dxc4 31. dxc5 bxc5 32.
Rd2 Rd3 33. Re2 Rb8 34. f5 Rb7 35. Rf1 Kf7 36. Bf2 gxf5 37. Bxc5 e6 38. Bb4 Rbd7 39. Kg2 Rd2 40. Rff2 Rxe2 41. Rxe2 fxg5 42. hxg5 e5 43. Kf3 Kg6 44. Rg2 Rd3+ 45. Ke2 e4 46. Rh2 f4 47. Rh4 Be5 48. Rh6+ Kxg5 49. Rc6 f3+ 50. Kf2 Rd2+ 51.
Ke3 Re2# 0-1

[Event "*** SCC Grand Prix: Titled Tuesday Blitz"]
[Site "Chess.com"]
[Date "2020.10.13"]
[Round "8"]
[White "kakakz"]
[Black "Shivagami"]
[Result "1-0"]
[WhiteElo "2356"]
[BlackElo "2232"]
[TimeControl "180+1"]
[EndTime "11:32:14 PDT"]
[Termination "kakakz won on time"]

1. d4 Nf6 2. c4 c5 3. Nf3 d5 4. Nc3 e6 5. e3 b6 6. cxd5 Nxd5 7. Bb5+ Bd7 8. Qa4 Nc7 9. Bxd7+ Qxd7 10. O-O Bd6 11. dxc5 Bxc5 12. Rd1 Qxa4 13. Nxa4 Be7 14. e4 Nc6 15. Bf4 Nb5 16. Rac1 Rc8 17. Rc4 Rd8 18. Rdc1 Na5 19. R4c2 O-O 20. a3 Nb3 21. Re1 N5d4 22. Nxd4 Nxd4 23. Rc7 Bf6 24. Nc3 a6 25. e5 Nc2 26.
Rc1 Rd4 27. exf6 1-0

[Event "*** SCC Grand Prix: Titled Tuesday Blitz"]
[Site "Chess.com"]
[Date "2020.10.13"]
[Round "8"]
[White "MariaFominykh"]
[Black "aisha_zakirova"]
[Result "1-0"]
[WhiteElo "2300"]
[BlackElo "2164"]
[TimeControl "180+1"]
[EndTime "11:32:17 PDT"]
[Termination "MariaFominykh won by resignation"]

1. Nf3 Nf6 2. g3 d5 3. Bg2 g6 4. d3 Bg7 5. O-O O-O 6. Nbd2 Nc6 7. c3 e5 8. e4 dxe4 9. dxe4 Bg4 10. h3 Bxf3 11.
Qxf3 Qe7 12. Qe2 Rfd8 13. Nc4 b5 14. Ne3 a6 15. a4 Rab8 16. axb5 axb5 17. Ra6 Qe8 18. Nc2 b4 19. Qc4 Rd6 20. cxb4 Nd7 21. Rxc6 Nb6 22. Rxb6 cxb6 23. Ne3 Rc8 24. Qb3 Qb5 25.
Nd5 Kh8 26. Be3 Rc4 27. Ra1 Rd8 28. Bf1 Qxb4 29. Nxb4 1-0